 Dungeon Crawl Stone Soup version 0.31-a0-331-geda263fcf1 (webtiles) character file.

Game seed: 9980763278904240831

55 quinnr the Gusty (level 3, -7/19 HPs)
             Began as a Tengu Air Elementalist on July 19, 2023.
             Mangled by a worm (9 damage)
             ... on level 2 of the Dungeon.
             The game lasted 00:01:50 (951 turns).

quinnr the Gusty (Tengu Air Elementalist)            Turns: 951, Time: 00:01:51

Health: -7/19      AC:  7    Str:  8    XL:     3   Next: 93%
Magic:  7/7        EV: 11    Int: 17    God:
Gold:   77         SH:  0    Dex: 14    Spells: 5/6 levels left

rFire   . . .        (no weapon)
rCold   + . .        (no shield)
rNeg    . . .        c - +1 leather armour {rC+}
rPois   .            (helmet restricted)
rElec   .            f - +2 cloak
rCorr   .            (no gloves)
SInv    .            (boots unavailable)
Will    .....        (no amulet)
Stlth   ++           (no ring)
HPRegen 0.23/turn    (no ring)
MPRegen 0.10/turn

%: no passive effects
@: no status effects
A: beak, talons 3
a: no special abilities


You were on level 2 of the Dungeon.
You visited 1 branch of the dungeon, and saw 2 of its levels.

You collected 77 gold pieces.


Innate Abilities, Weirdness & Mutations

You have a beak for a mouth.
You have claws for feet.


   Skills:
 - Level 2.0 Armour
 - Level 2.2 Dodging
 - Level 2.0 Stealth
 - Level 2.0 Spellcasting
 - Level 1.4 Conjurations
 + Level 5.5 Air Magic


You had 5 spell levels left.
You knew the following spells:

 Your Spells              Type           Power      Damage    Failure   Level
z - Shock                 Conj/Air       52%        1d6       7%          1

Your spell library contained the following spells:

 Spells                   Type           Power      Damage    Failure   Level
 Swiftness                Air            20%        N/A       9%          3
 Static Discharge         Conj/Air       26%        2-4/arc   10%         2
 Poisonous Vapours        Pois/Air       22%        N/A       13%         2
 Sting                    Tmut/Pois      4%         1d3       26%         1
 Airstrike                Air            10%        2d(2-18)  26%         4
 Ignite Poison            Fire/Tmut/Pois 1%         N/A       63%         3
 Sticky Flame             Conj/Fire      4%         2d3       90%         4
 Olgreb's Toxic Radiance  Pois           1%         N/A       95%         4
 Ignition                 Fire           0%         3d3       100%        8

Inventory:

Armour
 a - a +0 robe
 c - a +1 leather armour of cold resistance (worn)
 f - a +2 cloak (worn)
 i - a +0 pair of gloves
Talismans
 g - a granite talisman
Scrolls
 d - a scroll of revelation {unknown}
 e - a scroll of silence {unknown}
 h - a scroll of identify {unknown}
Potions
 b - a potion of magic

Dungeon Overview and Level Annotations

Branches:
Dungeon (2/15)

Altars:

######### ..w.....#####
#........# #w.# # #@.# .#
# ######..###.# .#
#..#...........#..#
#..#.####..#.#.#..#
......+.........(......[#
.......##...#######.#....#
#......##...##...........#
#...... #...##.###.......#
.....####......###.###...#


You could see a worm.


Message History

Unknown command.
There is an open door here.
Could not explore, unopened door.
Could not explore, unopened door.
Could not explore, unopened door.
You open the door.
Key pressed, stopping explore.
Key pressed, stopping explore.
A kobold comes into view. It is wielding a +0 dagger.
Found a cloak and 10 gold pieces.
The kobold shouts!
A kobold is nearby!
The zap hits the kobold.
You kill the kobold!
You turn into a living statue of rough stone.
Your +1 leather armour of cold resistance melds into your body.
You feel less resistant to cold.
Found a scroll labelled DOPHOCYIPN.
You now have 77 gold pieces (gained 10).
You see here a +0 dagger.
Found 5 stones.
Found a pair of gloves.
h - a scroll labelled DOPHOCYIPN
i - a +0 pair of gloves A worm comes into view.
A worm is nearby!
You revert to your normal fleshy form.
Your +1 leather armour of cold resistance unmelds from your body.
You feel resistant to cold. The worm bites you!
You die...

Skill      XL: |  1  2  3 |
---------------+----------+-----
Armour         | 1 2 |  2.0
Air Magic      | 5 |  5.5
Dodging        | |  2.2
Stealth        | |  2.0
Spellcasting   | |  2.0
Conjurations   | |  1.4

Action                     || total
---------------------------++-------
  Melee: Unarmed           ||     3
         Kick              ||     2
         Peck              ||     1
   Cast: Shock             ||    41
 Armour: Leather armour    ||     4
  Dodge: Dodged            ||     6
         Form:             ||     1
         Statue            ||     1

Levels and vault maps discovered:
D:1:      dpeg_arrival_stonehenge_12_columns, layout_rooms
D:2:      layout_basic, uniq_jessica

Notes
Turn   | Place    | Note
-------+----------+-------------------------------------------
     0 | D:1      | quinnr the Tengu Air Elementalist began the quest for the
                  | Orb.
     0 | D:1      | Reached XP level 1. HP: 10/10 MP: 4/4
   324 | D:1      | Reached skill level 1 in Armour
   324 | D:1      | Reached XP level 2. HP: 15/15 MP: 1/6
   746 | D:2      | Reached XP level 3. HP: 19/19 MP: 4/7
   772 | D:2      | Noticed Jessica
   778 | D:2      | Killed Jessica
   779 | D:2      | Reached skill level 2 in Armour
   779 | D:2      | Reached skill level 5 in Air Magic
   951 | D:2      | Mangled by a worm

Vanquished Creatures
  Jessica (D:2)
  An adder (D:2)
  A worm (D:2)
  4 bats
  2 goblins (D:1)
  3 hobgoblins (D:1)
  A kobold (D:2)
  A ball python (D:2)
  A frilled lizard (D:1)
  4 rats
19 creatures vanquished.

Table legend: (Time is in decaauts)
 A = Elapsed time spent in this place.
 B = Non-inter-level travel time spent in this place.
 C = Inter-level travel time spent in this place.
 D = Time resting spent in this place.
 E = Time spent auto-exploring this place.
 F = Levels seen in this place.
 G = Mean time per level.
                   A        B        C        D        E       F      G
               +--------+--------+--------+--------+--------+-----+--------+
         Total |    965 |    960 |      5 |      5 |    763 |   2 |  482.5 |
       Dungeon |    965 |    960 |      5 |      5 |    763 |   2 |  482.5 |
               +--------+--------+--------+--------+--------+-----+--------+

Top non-repeatable levels by time:
     D:1: 643 daAuts
     D:2: 322 daAuts

Table legend:
 A = Non-vault XP
 B = Vault XP
 C = Vault XP percentage of total XP
 D = Non-vault monster count
 E = Vault monster count
 F = Vault count percentage of total count
                 A         B        C        D         E       F
            +---------+---------+-------+---------+---------+-------
      Total |      42 |      37 |  46.8 |      18 |       1 |   5.3
            +---------+---------+-------+---------+---------+-------
        D:1 |      16 |       0 |   0.0 |      11 |       0 |   0.0
        D:2 |      26 |      37 |  58.7 |       7 |       1 |  12.5
            +---------+---------+-------+---------+---------+-------

Levels and vault maps discovered:
D:1:      dpeg_arrival_stonehenge_12_columns, layout_rooms
D:2:      layout_basic, uniq_jessica
